 Dungeon Crawl Stone Soup version 0.23-a0-398-g8eab93f (webtiles) character file.

19 RonnieColeman the Conjurer (level 2, 0/15 HPs)
             Began as a Deep Elf Conjurer on Nov 3, 2018.
             Succumbed to an adder's poison
             ... on level 2 of the Dungeon.
             The game lasted 00:02:45 (1268 turns).

RonnieColeman the Conjurer (Deep Elf Conjurer)      Turns: 1268, Time: 00:02:45

Health: 0/15       AC:  2    Str:  5    XL:     2   Next: 55%
Magic:  0/8        EV: 13    Int: 19    God:
Gold:   37         SH:  0    Dex: 15    Spells: 7/8 levels left

rFire    . . .     SeeInvis .   d - +0 short sword
rCold    . . .     Gourm    .   (no shield)
rNeg     . . .     Faith    .   a - +0 robe
rPois    .         Spirit   .   (no helmet)
rElec    .         Reflect  .   (no cloak)
rCorr    .         Harm     .   (no gloves)
MR       .....                  (no boots)
Stlth    ++........             (no amulet)
HPRegen  0.05/turn              b - ring of wizardry
MPRegen  0.11/turn              (no ring)

@: lethally poisoned (0 -> -12)
A: no striking features
a: no special abilities


You were on level 2 of the Dungeon.
You were hungry.

You visited 1 branch of the dungeon, and saw 2 of its levels.

You collected 37 gold pieces.

Inventory:

Hand Weapons
 d - a +0 short sword (weapon)
Armour
 a - a +0 robe (worn)
Jewellery
 b - a ring of wizardry (left hand)
Scrolls
 f - a scroll of amnesia {unknown}
 g - a scroll of teleportation {unknown}
 j - 3 scrolls of remove curse {unknown}
Potions
 e - a potion of might {unknown}
 h - a potion of mutation {unknown}
 i - 3 potions of curing {unknown}
Comestibles
 c - 5 rations


   Skills:
 - Level 2.4 Dodging
 - Level 2.4 Stealth
 + Level 3.5 Spellcasting
 * Level 5.0 Conjurations


You had 7 spell levels left.
You knew the following spells:

 Your Spells              Type           Power        Failure   Level  Hunger
a - Magic Dart            Conj           ###.         1%          1    None

Your spell library contained the following spells:

 Spells                   Type           Power        Failure   Level  Hunger
 Searing Ray              Conj           ###...       1%          2    ##.....
 Dazzling Spray           Conj/Hex       ##....       6%          3    ###....
 Iskenderun's Mystic Bla  Conj           ###.....     8%          4    ####...
 Force Lance              Conj/Tloc      ##......     21%         4    ####...
 Fulminant Prism          Conj/Hex       ##........   21%         4    ####...


Dungeon Overview and Level Annotations

Branches:
Dungeon (2/15)

Altars:


Message History

Unknown command.
You see here a jackal corpse.
Casting: Magic Dart (safe; 1% risk of failure)
Confirm with . or Enter, or press ? or * to list all spells.
Aiming: Magic Dart (safe; 1% risk of failure)
Press: ? - help, Shift-Dir - straight line, f/p - worm
Aim: a worm (moderately wounded)
The magic dart hits the worm.
The worm is severely wounded.
You hit the adder but do no damage. The adder bites you.
You are lethally poisoned!
The adder poisons you!
You hit the adder.
The adder is moderately wounded.
You feel sick. The adder bites you.
* * * LOW HITPOINT WARNING * * *
You are more poisoned.
The adder poisons you! The adder bites you.
* * * LOW HITPOINT WARNING * * *
You die...

... +......#.#.....###.#
.. ##.....#.#.....###.#
.........#.........#
#####†...#......####
#.......#......#
#.........##...######
#...................)
.##....................
.........@..............
.........††.............
.........S..............
.......#................
.......gg#w...#'######.#
............#.#.######..
............###.......#
.................####.#
...............#.#


You could see a worm, an adder, a hobgoblin and a goblin.

Vanquished Creatures
  2 giant cockroaches (D:1)
  A goblin (D:1)
  2 hobgoblins
  4 jackals
  3 kobolds
  2 bats
  2 rats (D:2)
16 creatures vanquished.

Notes
Turn   | Place    | Note
-------+----------+-------------------------------------------
     0 | D:1      | RonnieColeman the Deep Elf Conjurer began the quest for the
                  | Orb.
     0 | D:1      | Reached XP level 1. HP: 10/10 MP: 6/6
   544 | D:1      | Reached XP level 2. HP: 15/15 MP: 5/8
  1229 | D:2      | Reached skill level 5 in Conjurations
  1268 | D:2      | Succumbed to an adder's poison

Vault maps used:
D:1:      erik_arrival_cave_to_civilisation

Skill      XL: |  1  2 |
---------------+-------+-----
Conjurations   | 5 |  5.0
Dodging        | |  2.4
Stealth        | |  2.4
Spellcasting   | |  3.5

Action                   || total
-------------------------++-------
Melee: Short sword       ||    32
 Cast: Magic Dart        ||    28
Armor: Robe              ||     7
Dodge: Dodged            ||    23

Table legend:
 A = Non-vault XP
 B = Vault XP
 C = Vault XP percentage of total XP
 D = Non-vault monster count
 E = Vault monster count
 F = Vault count percentage of total count
                 A         B        C        D         E       F
            +---------+---------+-------+---------+---------+-------
      Total |      28 |       0 |   0.0 |      16 |       0 |   0.0
            +---------+---------+-------+---------+---------+-------
        D:1 |      17 |       0 |   0.0 |       9 |       0 |   0.0
        D:2 |      11 |       0 |   0.0 |       7 |       0 |   0.0
            +---------+---------+-------+---------+---------+-------
